 Dungeon Crawl Stone Soup version 0.31-a0-574-g69dc8cc98e (webtiles) character file.

Game seed: 6538619534095665680

683 javelincjr the Sneak (level 7, -4/41 HPs)
             Began as an Octopode Conjurer on Aug 18, 2023.
             Slain by a gnoll
             ... wielding a +0 flail
             ... led by a gnoll bouda
              (8 damage)
             ... on level 6 of the Dungeon.
             The game lasted 00:08:09 (3314 turns).

javelincjr the Sneak (Octopode Conjurer)            Turns: 3314, Time: 00:08:10

Health: -4/41      AC:  1    Str:  6    XL:     7   Next: 61%
Magic:  13/13      EV: 14    Int: 23    God:
Gold:   178        SH:  0    Dex: 10    Spells: 11/14 levels left

rFire   x . .        i - +2 dagger (venom)
rCold   + . .        (no shield)
rNeg    . . .        (helmet restricted)
rPois   .            (no amulet)
rElec   .            s - ring of ice
rCorr   .            (no ring)
SInv    .            (no ring)
Will    .....        (no ring)
Stlth   ++++         (no ring)
HPRegen 0.26/turn    (no ring)
MPRegen 0.13/turn    (no ring)
                     (no ring)

%: no passive effects
@: lethally poisoned (-4 -> -5)
A: almost no armour, amphibious, 8 rings, camouflage 1, gelatinous body 1,
(nimble swimmer 1), tentacles
a: no special abilities


You were on level 6 of the Dungeon.
You visited 1 branch of the dungeon, and saw 5 of its levels.

You collected 178 gold pieces.

Inventory:

Hand Weapons
 b - a +0 dagger
 g - a +1 whip of electrocution
 i - a +2 dagger of venom (weapon)
Missiles
 t - 2 throwing nets
Jewellery
 s - a ring of ice (left tentacle)
Wands
 e - a wand of flame (7)
 q - a wand of polymorph (5)
Scrolls
 c - 2 scrolls of teleportation {unknown}
 f - a scroll of poison {unknown}
 h - a scroll of silence {unknown}
 j - 2 scrolls of identify {unknown}
 o - a scroll of butterflies {unknown}
 r - a scroll of enchant weapon {unknown}
Potions
 a - a potion of magic
 d - a potion of berserk rage {unknown}
 k - a potion of heal wounds {unknown}
 l - a potion of mutation {unknown}
 m - a potion of curing {unknown}
 n - a potion of invisibility {unknown}
 p - a potion of brilliance {unknown}


   Skills:
 + Level 4.4 Dodging
 + Level 6.3 Stealth
 + Level 4.1 Spellcasting
 + Level 5.6 Conjurations


You had 11 spell levels left.
You knew the following spells:

 Your Spells              Type           Power      Damage    Failure   Level
a - Magic Dart            Conj           100%       1d8       1%          1
b - Searing Ray           Conj           60%        2d6       1%          2

Your spell library contained the following spells:

 Spells                   Type           Power      Damage    Failure   Level
 Dazzling Flash           Conj/Hex       34%        N/A       10%         3
 Summon Small Mammal      Summ           16%        N/A       11%         1
 Call Canine Familiar     Summ           4%         N/A       30%         3
 Summon Guardian Golem    Hex/Summ       4%         N/A       30%         3
 Fulminant Prism          Conj/Hex       8%         3d7       32%         4
 Iskenderun's Mystic Bla  Conj/Tloc      17%        2d5       32%         4


Dungeon Overview and Level Annotations

Branches:
Dungeon (6/15)
 Temple: D:4-7

Altars:
Gozag
Ru


Innate Abilities, Weirdness & Mutations

You cannot wear most types of armour.
You are amphibious.
You can wear up to eight rings at the same time.
Your skin changes colour to match your surroundings (Stealth+).
Your rubbery body absorbs attacks. (AC +1, EV +1)
((You are camouflaged when in or above water. (Stealth+)))
You have tentacles for arms and can constrict up to eight enemies at once.


Message History

You constrict the gnoll bouda, but do no damage.
The gnoll bouda hits you with a +0 club.
You hit the gnoll bouda.
You kill the gnoll bouda!
Things that are here:
a +0 club; a +0 robe; a gnoll corpse
There is a stone staircase leading down here.
Things that are here:
a +0 club; a +0 robe; a gnoll corpse You see here a +0 club.
The adder hisses angrily.
The gnoll hits you with a +0 flail!
There is a stone staircase leading down here.
You hit the gnoll.
The gnoll is poisoned.
Your grab misses the gnoll. Your squeeze misses the gnoll.
The gnoll is lightly wounded.
The gnoll misses you. The adder barely misses you.
You hit the gnoll but do no damage.
The gnoll looks as sick as possible!
You grab the gnoll.
The gnoll is lightly wounded.
Your attacks no longer feel as feeble.
You constrict the gnoll. The gnoll misses you. The adder bites you.
You are poisoned.
The adder poisons you!
You release your grip on the gnoll.
You feel sick. The gnoll hits you with a +0 flail.
* * * LOW HITPOINT WARNING * * *
The adder closely misses you.
You climb downwards.
You feel sick.
There is a stone staircase leading up here.
You hit the adder. Your grab misses the adder. Your squeeze misses the adder.
The adder is moderately wounded.
You feel sick. The adder closely misses you.
The gnoll hits you with a +0 flail.
* * * LOW HITPOINT WARNING * * *
You barely miss the adder. Your grab misses the adder.
The adder is moderately wounded.
You feel sick. The adder closely misses you.
The gnoll hits you with a +0 flail!
You die...

...##.................#
...##.................#######
..........................>..
...##.................####.##
).....)......................
.......................###.##
..................†....#
.................g.....#
...............)@......#
..............#S.....#.#
..............#.####.#.#
...########.#.#.# #.#.# ...#
#.###.# #.#.. ...# #.. ..#
#.### ...# #######
...######## ###.......######


You could see a gnoll (very poisoned) and an adder.

Vanquished Creatures
  A water moccasin (D:6)
  A black bear (D:6)
  An ogre (D:6)
  A phantom (D:6)
  2 jellies (D:6)
  A hound (D:6)
  A gnoll bouda (D:5)
  A sleepcap (D:6)
  Jessica (D:1)
  2 iguanas (D:6)
  3 gnolls
  3 adders
  3 dart slugs
  An orc (D:3)
  3 ball pythons
  5 bats
  6 endoplasms
  2 giant cockroaches (D:2)
  2 goblins
  5 hobgoblins
  4 jackals (D:2)
  2 kobolds
  A quokka (D:1)
  4 frilled lizards
  2 rats
58 creatures vanquished.

Notes
Turn   | Place    | Note
-------+----------+-------------------------------------------
     0 | D:1      | javelincjr the Octopode Conjurer began the quest for the
                  | Orb.
     0 | D:1      | Reached XP level 1. HP: 11/11 MP: 3/3
   475 | D:1      | Reached skill level 3 in Stealth
   475 | D:1      | Reached XP level 2. HP: 7/17 MP: 0/5
   478 | D:1      | Learned a level 2 spell: Searing Ray
  1073 | D:2      | Noticed Jessica
  1148 | D:1      | Killed Jessica
  1149 | D:1      | Reached XP level 3. HP: 11/21 MP: 0/6
  1198 | D:1      | HP: 1/21 [bat (1)]
  1431 | D:2      | Reached XP level 4. HP: 27/27 MP: 7/7
  1700 | D:2      | Reached skill level 4 in Stealth
  2211 | D:3      | Found a sacrificial altar of Ru.
  2217 | D:3      | Found an opulent altar of Gozag.
  2263 | D:3      | Found a faded altar of an unknown god.
  2346 | D:3      | You fall into a shaft and drop 3 floors!
  2350 | D:6      | Noticed a phantom
  2394 | D:6      | Reached XP level 5. HP: 31/31 MP: 2/9
  2458 | D:6      | Noticed a water moccasin
  2466 | D:6      | Killed a water moccasin
  2467 | D:6      | Reached XP level 6. HP: 13/36 MP: 0/10
  2620 | D:6      | Reached skill level 5 in Stealth
  2620 | D:6      | Reached skill level 5 in Conjurations
  2734 | D:6      | Noticed a black bear
  2746 | D:6      | Killed a black bear
  2921 | D:6      | Reached XP level 7. HP: 41/41 MP: 4/12
  3087 | D:6      | Reached skill level 6 in Stealth
  3175 | D:5      | Entered Level 5 of the Dungeon
  3314 | D:6      | Slain by a gnoll

Illustrated notes

Levels and vault maps discovered:
D:1:      dpeg_arrival_water_fire, layout_basic,
          wander_ebering_terrifying_dragon_lair
D:2:      layout_rooms, minmay_fountain_box, uniq_jessica
D:3:      layout_basic, grunt_gozag_breadcrumbs, old_standard_altar,
          hellmonk_ecumenical_altar_zigzags
D:5:      layout_gridville, grunt_ministairs_4
D:6:      layout_basic, mainiacjoe_overflow_paths

Skill      XL: |  1  2  3  4  5  6  7 |
---------------+----------------------+-----
Stealth        | 3 4 5 6 |  6.3
Dodging        | 3 4 |  4.4
Spellcasting   | 3 4 |  4.1
Conjurations   | 5 |  5.6

Action                     |  1- 3 |  4- 6 |  7- 9 || total
---------------------------+-------+-------+-------++-------
  Melee: Unarmed           |     7 |       |       ||     7
         Dagger            |     3 |    19 |    18 ||    40
         Constrict         |     3 |     6 |     6 ||    15
         Tentacles         |     3 |     3 |     8 ||    14
         Whip              |     5 |     9 |       ||    14
   Cast: Magic Dart        |    35 |    58 |    27 ||   120
         Searing Ray       |     1 |     4 |       ||     5
 Armour: Skin              |     5 |     2 |       ||     7
  Dodge: Dodged            |    34 |    32 |    22 ||    88

Table legend: (Time is in decaauts)
 A = Elapsed time spent in this place.
 B = Non-inter-level travel time spent in this place.
 C = Inter-level travel time spent in this place.
 D = Time resting spent in this place.
 E = Time spent auto-exploring this place.
 F = Levels seen in this place.
 G = Mean time per level.
                   A        B        C        D        E       F      G
               +--------+--------+--------+--------+--------+-----+--------+
         Total |   3317 |   3245 |     72 |    356 |   2341 |   5 |  663.4 |
       Dungeon |   3317 |   3245 |     72 |    356 |   2341 |   5 |  663.4 |
               +--------+--------+--------+--------+--------+-----+--------+

Top non-repeatable levels by time:
     D:1: 1280 daAuts
     D:6: 944 daAuts
     D:2: 768 daAuts
     D:3: 299 daAuts
     D:5: 24 daAuts
